 Dungeon Sprint DCSS version 0.27-a0-216-g1fbed8a51c (webtiles) character file.

Game seed: 7110735130446944281

5395 mhtbhm the Imperceptible (level 10, -24/51 HPs)
             Began as a Spriggan Brigand on Jan 31, 2021.
             Was a High Priest of Dithmenos.
             Annihilated by Agnes
             ... wielding a +3 spectral lajatang
              (26 damage)
             ... in the Dungeon (Sprint IV: "Fedhas' Mad Dash").
             The game lasted 00:03:58 (864 turns).

mhtbhm the Imperceptible (Spriggan Brigand)          Turns: 864, Time: 00:03:58

Health: -24/51     AC:  3    Str:  8    XL:     10   Next: 40%
Magic:  11/11      EV: 19    Int: 13    God:    Dithmenos [*****.]
Gold:   69         SH:  0    Dex: 20    Spells: 9/9 levels left

rFire    + . .     SeeInvis +   a - +2 dagger
rCold    + . .     Faith    .   (shield restricted)
rNeg     . . .     Spirit   .   b - +0 robe
rPois    +         Reflect  .   (helmet restricted)
rElec    +         Harm     .   c - +0 cloak
rCorr    +         Rampage  .   (gloves unavailable)
Will     +....     NoTele   +   (boots unavailable) Stlth *******+++
                                l - amulet of invisibility {+Inv}
HPRegen  0.17/turn              p - ring of poison resistance
MPRegen  0.12/turn              (no ring)

@: resistant, hasted (expiring), wreathed by umbra, very quick
A: very small, unfitting armour, see invisible, speed 3
a: Renounce Religion, Evoke Invisibility, Shadow Step, Shadow Form


You were in the Dungeon.
You worshipped Dithmenos.
Dithmenos was extremely pleased with you.
You visited 1 branch You collected 233 gold pieces.
You spent 164 gold pieces at shops.

Inventory:

Hand Weapons
 a - a +2 dagger (weapon)
 m - the +8 scimitar "Ohaaqurph" {vamp, rN+}
   (You found it in the Dungeon)

   It inflicts no extra harm, but heals its wielder when it wounds a living foe.
   It protects you from negative energy.
Missiles
 d - 4 poisoned darts (quivered)
Armour
 b - a +0 robe (worn)
 c - a +0 cloak (worn)
Jewellery
 l - the amulet of invisibility (around neck) {+Inv}
   (You found it in the Dungeon)

   [amulet of nothing]

   It lets you turn invisible.
 p - a ring of poison resistance (left hand)
Scrolls
 k - 2 scrolls of blinking
 n - a scroll of remove curse {unknown}
 o - a scroll of identify {unknown}
Potions
 f - a potion of curing
 g - a potion of heal wounds
 i - 2 potions of magic


   Skills:
 + Level 5.4 Fighting
 + Level 8.2 Short Blades
 + Level 6.0 Throwing
 + Level 3.3 Dodging
 + Level 26.4 Stealth
 + Level 0.3 Invocations
 + Level 12.8 Evocations


You had 9 spell levels left.
You didn't know any spells.
Your spell library contained the following spells:

 Spells                   Type           Power        Failure   Level
 Animate Skeleton         Necr           0%           30%         1
 Apportation              Tloc           0%           30%         1
 Corona                   Hex            0%           30%         1
 Summon Small Mammal      Summ           0%           30%         1


Dungeon Overview and Level Annotations

Branches:
Dungeon (1/1)

Altars:
Cheibriados
Dithmenos
Elyvilon
Gozag
Hepliaklqana
Kikubaaqudgha
Makhleb
Nemelex Xobeh
Okawaru
Qazlal
Ru
Sif Muna
Trog
Uskayaw
Vehumet
Wu Jian
Xom
Yredelemnul
Zin
The Shining One
Beogh
Jiyva
Lugonu

Shops:
D :}***=?*

Annotations:
D Agnes


Innate Abilities, Weirdness & Mutations

You are very small and have problems with some larger weapons.
You are too small for most types of armour.
You have supernaturally acute eyesight. (SInv)
You cover ground extremely quickly.


Message History

You start resting.
A spectral weapon comes into view.
The spectral weapon moves out of view.
Agnes is nearby!
Agnes is nearby!
Agnes is nearby!
There is an open door here.
Your extra speed is starting to run out.
You hit Agnes.
Agnes is moderately wounded.
Agnes hits you with a +3 spectral lajatang!
* * * LOW HITPOINT WARNING * * *
You hit Agnes but do no damage.
Agnes is moderately wounded.
Your shadow completely misses Agnes.
The spectral weapon closely misses you.
You miss Agnes.
Agnes is moderately wounded.
Agnes hits you with a +3 spectral lajatang!!
Ouch! That really hurt!
You die...

#################################
....#.⌠._._._._(⌠.#.)'.))#.†..##∩
#.).'.i_._._._.i@.'..#.†.#....'.[
#..(#..._._._._...#..###'##...##∩
##'##.._._._._._..#.(##∩∩.'...###
i...#._._._._._.⌠.###############
#...###################....[(###.
#####♣♣♣♣♣..♣)###.+..'.......'†))
#.['....(.♣..♣##..#..#.P.....####
.(.#♣..♣♣♣.♣).###.##'##.P....#
...#.♣♣..♣...♣'...#♣.♣########


You could see Agnes and a +3 spectral lajatang (summoned).

Vanquished Creatures
  A spriggan druid (D)
  6 oklob plants (D)
  A demonic crawler (D)
  3 wandering mushrooms (D)
  3 burning bushes (D)
  A queen bee (D)
  A hornet (D)
  5 spriggans (D)
  2 scorpions (D)
  4 killer bees (D)
  5 oklob saplings (D)
  A worker ant (D)
  A river rat (D)
  A rat (D)
35 creatures vanquished.

Vanquished Creatures (others)
  A ballistomycete spore (D)
  A fungus (D)
2 creatures vanquished.

Grand Total: 37 creatures vanquished

Notes
Turn   | Place    | Note
-------+----------+-------------------------------------------
     0 | D        | mhtbhm the Spriggan Brigand began the quest for the Orb.
     0 | D        | Reached XP level 1. HP: 10/10 MP: 2/2
     6 | D        | Reached skill level 8 in Stealth
     6 | D        | Reached XP level 2. HP: 15/15 MP: 3/3
    23 | D        | Noticed an oklob sapling
    24 | D        | Killed an oklob sapling
    25 | D        | Reached skill level 10 in Stealth
    25 | D        | Reached XP level 3. HP: 18/18 MP: 4/4
    28 | D        | Found the amulet of invisibility {+Inv}
    30 | D        | Reached skill level 11 in Stealth
    51 | D        | Found an opulent altar of Gozag.
    51 | D        | Found a hazy altar of Hepliaklqana.
    51 | D        | Found a burning altar of Makhleb.
    51 | D        | Found a roughly hewn altar of Beogh.
    51 | D        | Found a sparkling altar of Nemelex Xobeh.
    51 | D        | Found a snail-covered altar of Cheibriados.
    51 | D        | Found a sacrificial altar of Ru.
    51 | D        | Found a shimmering blue altar of Sif Muna.
    51 | D        | Found a shimmering altar of Xom.
    51 | D        | Found a basalt altar of Yredelemnul.
    52 | D        | Found a viscous altar of Jiyva.
    52 | D        | Found a bloodstained altar of Trog.
    52 | D        | Found an ornate altar of the Wu Jian Council.
    52 | D        | Noticed an oklob sapling priest
    53 | D        | Found an iron altar of Okawaru.
    53 | D        | Found a shadowy altar of Dithmenos.
    53 | D        | Found a glowing silver altar of Zin.
    54 | D        | Found an ancient bone altar of Kikubaaqudgha.
    54 | D        | Found a hide-covered altar of Uskayaw.
    55 | D        | Found a stormy altar of Qazlal.
    55 | D        | Found a white marble altar of Elyvilon.
    55 | D        | Found a glowing golden altar of the Shining One.
    56 | D        | Found a corrupted altar of Lugonu.
    56 | D        | Found a radiant altar of Vehumet.
    59 | D        | Killed an oklob sapling priest
    60 | D        | Reached skill level 12 in Stealth
    60 | D        | Reached skill level 1 in Evocations
    60 | D        | Reached XP level 4. HP: 23/23 MP: 2/5
    66 | D        | Became a worshipper of Dithmenos the Shadowed
    76 | D        | Reached skill level 13 in Stealth
    76 | D        | Reached XP level 5. HP: 28/28 MP: 3/6
   116 | D        | Reached skill level 14 in Stealth
   176 | D        | Noticed a queen bee
   183 | D        | Killed a queen bee
   183 | D        | Reached * piety under Dithmenos
   184 | D        | Reached skill level 17 in Stealth
   184 | D        | Reached XP level 6. HP: 32/32 MP: 4/7
   185 | D        | Reached skill level 5 in Evocations
   186 | D        | Reached skill level 5 in Short Blades
   187 | D        | Reached ** piety under Dithmenos
   189 | D        | Reached skill level 18 in Stealth
   189 | D        | Reached XP level 7. HP: 37/37 MP: 5/8
   190 | D        | Noticed an oklob plant
   193 | D        | Killed an oklob plant
   194 | D        | Reached skill level 5 in Throwing
   194 | D        | Reached skill level 19 in Stealth
   222 | D        | Noticed a burning bush
   225 | D        | Killed a burning bush
   226 | D        | Reached skill level 20 in Stealth
   226 | D        | Reached XP level 8. HP: 42/42 MP: 9/9
   240 | D        | Got an iridescent scimitar
   241 | D        | Identified the +8 scimitar "Ohaaqurph" {vamp, rN+} (You
                  | found it in the Dungeon)
   253 | D        | Noticed a burning bush
   253 | D        | Noticed an oklob plant
   254 | D        | Noticed a wandering mushroom
   255 | D        | Killed a burning bush
   255 | D        | Reached *** piety under Dithmenos
   256 | D        | Reached skill level 21 in Stealth
   260 | D        | Killed an oklob plant
   261 | D        | Reached skill level 22 in Stealth
   264 | D        | Killed a wandering mushroom
   265 | D        | Reached XP level 9. HP: 46/46 MP: 8/10
   280 | D        | Noticed a spriggan druid
   281 | D        | Killed a spriggan druid
   281 | D        | Reached **** piety under Dithmenos
   282 | D        | Reached skill level 5 in Fighting
   282 | D        | Reached skill level 23 in Stealth
   282 | D        | Reached skill level 10 in Evocations
   293 | D        | Noticed an oklob plant conjurer
   294 | D        | Killed an oklob plant conjurer
   380 | D        | Noticed an oklob plant
   380 | D        | Noticed an oklob plant summoner
   381 | D        | Noticed an oklob plant shifter
   385 | D        | Killed an oklob plant
   386 | D        | Reached skill level 24 in Stealth
   387 | D        | Killed an oklob plant summoner
   390 | D        | Killed an oklob plant shifter
   391 | D        | Reached skill level 25 in Stealth
   395 | D        | Noticed a demonic crawler
   397 | D        | Killed a demonic crawler
   397 | D        | Reached ***** piety under Dithmenos
   398 | D        | Reached XP level 10. HP: 51/51 MP: 9/11
   458 | D        | Noticed a spriggan rider
   479 | D        | Found Homorr's Magic Scroll Emporium.
   485 | D        | Found Koxivoi's General Store.
   514 | D        | Bought a scroll of blinking for 82 gold pieces
   514 | D        | Bought a scroll of blinking for 82 gold pieces
   603 | D        | Found Icviomopp's Gadget Shop.
   603 | D        | Found Xuloh's Book Emporium.
   610 | D        | Reached skill level 26 in Stealth
   615 | D        | Reached ****** piety under Dithmenos
   648 | D        | Found Ciyzigg's Jewellery Emporium.
   648 | D        | Found Tueber's Assorted Antiques.
   719 | D        | Noticed Agnes
   720 | D        | Found Xeuxkis's General Store.
   720 | D        | Found Bafag's General Store.
   862 | D        | HP: 2/51 [Agnes/+3 spectral lajatang (9)]
   864 | D        | Annihilated by Agnes

Illustrated notes

Levels and vault maps discovered:
D:        dungeon_sprint_fedhas [sprint_temple]

Skill      XL: |  1  2  3  4  5  6  7  8  9 10 |
---------------+-------------------------------+-----
Stealth        | 8 10 12 13 17 18 20 22 25 26 | 26.4
Fighting       | 2 3 4 5 |  5.4
Short Blades   | 3 4 5 6 7 8 |  8.2
Throwing       | 3 4 5 6 |  6.0
Dodging        | 2 3 |  3.3
Evocations     | 1 4 5 7 9 11 12 | 12.8
Invocations    | |  0.3

Action                   |  1- 3 |  4- 6 |  7- 9 | 10-12 || total
-------------------------+-------+-------+-------+-------++-------
Melee: Dagger            |     4 |     7 |    12 |    25 ||    48
       Scimitar          |       |       |       |     3 ||     3
Throw: Dart              |     1 |       |       |     8 ||     9
Invok: Shadow Step       |       |       |       |     2 ||     2
 Abil: Evoke Invisibilit |     1 |     2 |     2 |     2 ||     7
  Use: Potion            |       |       |       |     3 ||     3
       Scroll            |       |       |       |     1 ||     1
 Stab: Sleeping          |     4 |     7 |    12 |     5 ||    28
       Invisible         |       |       |       |     2 ||     2
Dodge: Dodged            |       |       |       |    12 ||    12

Table legend: (Time is in decaauts)
 A = Elapsed time spent in this place.
 B = Non-inter-level travel time spent in this place.
 C = Inter-level travel time spent in this place.
 D = Time resting spent in this place.
 E = Time spent auto-exploring this place.
 F = Levels seen in this place.
 G = Mean time per level.
                   A        B        C        D        E       F      G
               +--------+--------+--------+--------+--------+-----+--------+
         Total |    656 |    579 |     77 |    251 |      0 |   1 |  656.0 |
       Dungeon |    656 |    579 |     77 |    251 |      0 |   1 |  656.0 |
               +--------+--------+--------+--------+--------+-----+--------+

Top non-repeatable levels by time:
       D: 656 daAuts
